[Event "FRA-ch 91st"]
[Site "Agen"]
[Date "2016.08.17"]
[Round "5"]
[White "Demuth, Adrien"]
[Black "Jolly, Jean Francois"]
[Result "0-1"]
[ECO "D77"]
[WhiteElo "2545"]
[BlackElo "2361"]
[Annotator "Besenthal,K/Primel,D"]
[PlyCount "150"]
[EventDate "2016.08.13"]
[EventType "tourn"]
[EventRounds "9"]
[EventCountry "FRA"]
[EventCategory "14"]
[SourceTitle "CBM 174"]
[Source "ChessBase"]
[SourceDate "2016.09.13"]
[SourceVersion "1"]
[SourceVersionDate "2016.09.13"]
[SourceQuality "1"]
[TimeControl "40/5400+30:1800+30"]

1. Nf3 d5 2. g3 Nf6 3. Bg2 g6 4. d4 Bg7 5. c4 dxc4 6. Na3 O-O (6... c3 {L'alternative} 7. bxc3 O-O 8.
O-O c5) 7. O-O Na6 8. Nxc4 c5 9. b3 Be6 (9... Bf5 10.
Bb2 Be4 11. Ncd2 Bc6 12. Qb1 cxd4 13. Bxd4 Nc7 14. Qb2 Ne6 15. Bc3 Qb6 16. Nc4
Qa6 17. Rfd1 Rad8 18. a4 Rxd1+ 19. Rxd1 Rd8 20. Rxd8+ Nxd8 {1/2-1/2 (20) Erdos,
V (2621)-Edouard,R (2659) Germany 2014}) 10. Bb2 Bd5 11. Rc1 Rc8 12. Qd2 Ne4 $146 (12... b5 13. Nce5 c4 14. bxc4 bxc4 15. Ne1 Bxg2 16.
Nxg2 Ne4 17. Qc2 c3 18. Qxe4 cxb2 19. Rb1 Qb6 20. e3 Qb5 21. Nd3 Rc2 22. Rfd1
e5 23. Nge1 Rc7 24. dxe5 Rc4 25. Rxb2 Qa4 26. Qf3 Rd8 27. Rdb1 Nc7 28. Rb8 Qe8
29. Rxd8 Qxd8 30. Qb7 Ne6 31. Qxa7 Rc8 32. Qa4 Qd5 33. e4 Qd8 34. Kg2 h5 35. h4
Qc7 36. Rc1 Qb7 37. Rxc8+ Qxc8 38. Nf3 Qb7 39. Qc4 Qa7 40. a4 {1-0 (40)
Motwani,P (2536)-Goloshchapov,A (2574) Belgium 2004}) 13. Qe3 Nd6 14. Nxd6 exd6 15. Qd2 Be4 $132 16. Rfd1 Qe7 17. Ne1 Rfe8 $1 {[%emt 0:03:01][%csl Re2]
Provoque un léger affaiblissement des cases Blanches} 18. e3 b6 19. dxc5 dxc5 20. Bxg7 Kxg7 21. Qc3+ Qf6 22. Bxe4 Qxc3 23. Rxc3 Rxe4 24. Nc2 Rc7 25. f3 Ree7 26. Kf2 Red7 27. Rxd7 Rxd7 28. Ke2 Kf6 29. Rc4 Nc7 {[%emt 0:03:06] le N
revient enfin au centre mais les Blancs n'ont rien obtenu de concret de sa
position hors-jeu} 30. Ne1 Ne6 31. Nd3 Rc7 32. Nf4 Nxf4+ 33. Rxf4+ Ke6 34. g4 b5 35. Kd3 Rd7+ 36. Kc2 Rd5 37. h4 h6 38. Kc3 g5 39. hxg5 hxg5 40. Re4+ Re5 {[%emt 0:00:42]
Schwarz trifft eine extrem verpflichtende Entscheidung, denn auch wenn das
Bauernendspiel remis aussieht: Wer kann das schon in allen seinen Varianten
richtig einschätzen?} (40... Kd7 41. f4 gxf4 42. exf4 {gefiel Jolly
vielleicht nicht, weil es hier so aussah, als würde Weiß schneller einen
Freibauern bilden können. Doch nach} b4+ 43. Kc2 (43. Kc4 Kc6 44. f5 Rd2)
43... f5 44. gxf5 Rxf5 45. Kd3 Kd6 46. Ke3 Rh5 47. Kf3 Rh3+ 48. Kg2 Rc3 49. f5
Rc2+ 50. Kg3 Rxa2 51. f6 Ra1 52. Rf4 Rg1+ {erreicht Weiß nichts.}) 41. Rxe5+ Kxe5 42. a4 a6 43. axb5 axb5 44. Kd3 Kd5 45. Kc3 Kc6 46. Kd3 Kb6 47. Kc2 Ka5 48. Kc3 f6 49. b4+ $1 Kb6 50. f4 ({Oder} 50. bxc5+ Kxc5 51. Kb3 b4
52. f4 Kd5 53. Kxb4 Ke4 54. f5 Kxe3 55. Kc5 Kf4 56. Kd5 Kxg4 57. Ke6 Kh4 58.
Kxf6 g4 59. Ke7 g3 60. f6 $11) 50... Kc6 51. f5 c4 52. Kd4 Kd7 53. Kc3 Kc6 54. Kd4 Kd6 55. e4 Ke7 56. Kc3 Kd7 57. Kd4 Kd6 {[%emt 0:00:10] Diagramm [#]} 58.
e5+ {[%emt 0:00:04] '!' Das sieht plausibel aus: Weiß braucht unbedingt einen
Freibauern, koste es, was es wolle.} fxe5+ 59. Ke4 Kd7 60. Ke3 Ke7 61.
Ke4 Kd6 62. Ke3 Kd5 63. Kd2 e4 64. Ke3 $2 {
[%emt 0:00:13] Der entscheidende Fehler? Jetzt entsteht eine Situation, in der
Schwarz den Bf5 schließlich einfach laufen lassen kann, was Weiß natürlich
unter allen Umständen hätte verhindern müssen.} (64. Kd1 $1 c3 (64... e3 65.
Ke2 c3 $4 66. Kd3 e2 67. Kxe2 Kc4 68. Kd1) 65. Kc2 Ke5 (65... e3 $4 66. Kxc3
Ke4 67. f6) 66. Kxc3 Kd5 $11) (64. Kc3) 64... c3 $1 65. Ke2 Kd6 $1 66. Ke3 Ke5 67. Ke2 Kd5 68. Ke3 Kc4 69. f6 c2 70. Kd2 Kb3 71. f7 Kb2 72. f8=Q c1=Q+ 73. Ke2 Qc2+ 74. Ke1 Qc3+ 75. Ke2 Qd3+ 0-1

[Event "Tata Steel-A 80th"]
[Site "Wijk aan Zee"]
[Date "2018.01.13"]
[Round "1"]
[White "Kramnik, Vladimir"]
[Black "Wei, Yi"]
[Result "1-0"]
[ECO "D77"]
[WhiteElo "2787"]
[BlackElo "2743"]
[Annotator "Fernandez,D"]
[PlyCount "109"]
[EventDate "2018.01.13"]
[EventType "tourn"]
[EventRounds "13"]
[EventCountry "NED"]
[EventCategory "20"]
[SourceTitle "CBM 183"]
[Source "ChessBase"]
[SourceDate "2018.03.14"]
[SourceVersion "1"]
[SourceVersionDate "2018.03.14"]
[SourceQuality "1"]
[TimeControl "40/5400+30:1800+30"]

1. Nf3 d5 2. g3 g6 3. Bg2 Bg7 4. d4 Nf6 5. O-O O-O 6. c4 dxc4 7. Na3 {[%emt 0:00:00] A good move to play for a
long technical battle!} c5 (7... c3) 8. dxc5 c3 {[%emt 0:00:00] The approved method of gaining equality, but I think Black
might have to take the pawn on the next move to prove it.} (8... Qxd1 {was
tried recently, but it is more unpleasant for Black.} 9. Rxd1 Nfd7 10. Nxc4
Nxc5 11. Be3 $16 {Meier,G-Edouard,R Germany 2017}) 9. Nb5 $1 Na6 (9... cxb2 10. Bxb2 Bd7 11. Qb3 Bc6 12. Rfd1 {was a
previous Kramnik game: Kramnik,V-Topalov,V London 2016; here I think ...Qa5
and then ...Nbd7 offers Black reasonable play.} Qa5 $132 (12... Nbd7)) 10. Nxc3 Nxc5 11. Be3 Nfe4 12. Nxe4 Nxe4 13.
Bd4 $1 Bxd4 14. Qxd4 Qxd4 15. Nxd4 Nd6 {[%emt 0:00:08][%csl Gd6]
Unbelievably, this had all been seen before, and from Wei Yi's next move, it
is clear that he had seen the precedent.} 16. Rac1 $146 (16.
Rfc1 Rd8 17. Rc7 Kf8 18. Rac1 Ne8 19. R7c4 Nd6 20. Rc5 Bd7 $11 {Ding,L-Giri,A
Palma de Mallorca 2017, was equal and ultimately drawn.}) 16... Rd8 (16... e5 17. Nb3 Be6 {was now worthy of note, and while I might think
it's an equalising route, we will just have to wait for Kramnik to beat
another elite player to find out what he had in mind here!}) 17. f4 {[%emt 0:
03:19][%cal Gg1f2] This approach goes better with the rook on f1 than a1, as
White wants to bring it to d1 next.} Kf8 18. Kf2 Bg4 19. h3 Bd7 20. e4 (20. Rc7 $5 {appeals to me, as I think the e4-e5
push gains in strength from there being no rooks on the board.}) 20... Rac8 (20... Nb5 $1 {was still objectively equal if a little
unpleasant over the board:} 21. Nxb5 (21. Rfd1 Nxd4 22. Rxd4 Be6 $15) 21...
Bxb5 22. Rfd1 Rxd1 23. Rxd1 Rc8 24. Rd2 f6 $11) 21. Rxc8 (21.
e5 {may have been good, taking advantage of a moment when Black is not able to
reply with ...Nb5 and must worry about the b7-pawn.} Nf5 22. Ne2 Bb5 $1 {
This accurate move may be needed to hold the balance. There could follow} 23.
Rxc8 Rxc8 24. Rc1 Rxc1 25. Nxc1 b6 26. Be4 {and Black should just be equal
with one or two more good moves.}) 21... Rxc8 22. Rd1 {
[%emt 0:00:31] The point seems to be that after ...Nb5 White now intends Ne2!,
a4, and Nc3.} Ke8 (22... Nb5 23. Ne2 ) 23.
e5 Nf5 24. Nb3 (
24. Nxf5 Rc2+ ) 24... Bc6 (24... Rc2+ 25. Rd2
Rxd2+ 26. Nxd2 b6 {would have led to a similar ending to the last note.'} 27.
g4 Nd4 28. a3 $14) 25. Rc1 {[%emt 0:02:57] Now I think White has a little
something!} Kd7 26. Nc5+ Ke8 27. Nd3 (27. Na6 $5 {is rather flashy for a move that is only
trying to inflict pawn weaknesses on the opponent, but Black seems to be fine
after the accurate} Nd4 $1 $11) 27... Kd7 28. g4 {[%emt 0:07:
53] Giving Black a major headache - his best move now requires a wrinkle to
make it playable.} Nd4 $6 (28... Bxg2 29. Rxc8 (29. e6+ fxe6 30. Ne5+ Kd8 31. Nf7+ {DF} Kd7 32. Rxc8 Kxc8 33. Kxg2 Nd6
34. Ng5 {looks slightly unpleasant for Black, though the machine notes that he
draws with the only move} e5 $1 35. fxe5 h6 $1 $11) 29... Kxc8 30. Kxg2 $14)
29. Rc4 Ne6 30. f5 gxf5 31. gxf5 Ng7 (31... Nd8 $14 {
limited the damage by not allowing another isolated pawn, though the
co-ordination and space deficits are still there.}) 32. Bxc6+ bxc6 (32... Rxc6 33. e6+ $1 Ke8 (33... fxe6 34.
Ne5+) 34. exf7+ Kf8 (34... Kxf7 35. Ne5+) 35. Rxc6 bxc6 36. b4 Nxf5 37. Ne5 $16
Nd4 {DF} 38. a4 $18) 33. Nc5+ Kc7 34. Rh4 (34. Rb4 Nxf5 35. Rb7+ Kd8 36. Rxa7 $16) 34... h5 (34... Nxf5 35. Rxh7 Rf8 36. h4 $16) (34... Rh8 {DF} 35. Rb4 Nxf5 36. Rb7+
Kc8 37. Rxa7 $18) 35. f6 {[%emt 0:00:44] Winning a pawn by force} exf6 36. exf6 Ne8 37. Rxh5 Nxf6 38. Rf5 Nd5 39. Rxf7+ Kd6 40. Ne4+ Ke5 41. Nd2 a5 {[%emt 0:00:00] Black has
played these last ten moves well, keeping active even at the cost of a pawn,
but unfortunately White's position is probably winning with best play.} 42.
Nc4+ Ke6 (42... Kd4 43. Nxa5) 43. Rh7 Rb8 44. Ke2 Kf5 (44... Rb4 45. Rh6+) (44... a4 $142) 45. Rh6 Nf6 46. h4 a4 47. Kd3 c5 (47... Rd8+ $16 {would have continued to put up
more active resistance}) 48. Ne3+ Ke5 49. h5
$6 (49. Rg6 $142 $1 $18 {forces Black's king back for
tactical reasons. The position can't be held anymore.}) 49... Rd8+ {[%emt 0:01:
08] In the game again! I suspect there was an element of time pressure here.}
50. Kc4 $6 Ne4 $4 (50... Rd2 $1 $11 {is a
sudden draw; the subtlety here is that while Black can't take on b2
immediately, he does have} 51. Kxc5 Ne4+ 52. Kc6 Kd4 $1 53. Nf5+ Ke5 {The
knight has no good way to avoid the attention of the black king, and ...Rxb2
is always on the cards.}) 51. Kb5 {[%emt 0:02:08] Now White picks up the
a-pawn and there should be no further drama.} Kd4 52. Nc4 $18 a3 53. Nxa3 Nd6+ 54. Kc6 Nf7 55. Nb5+ 1-0

[Event "Sautron op 14th"]
[Site "Sautron"]
[Date "2014.10.25"]
[Round "5"]
[White "Maiorov, Nikita"]
[Black "Barbot, Pierre"]
[Result "1-0"]
[ECO "D77"]
[WhiteElo "2583"]
[BlackElo "2440"]
[Annotator "RR"]
[PlyCount "83"]
[EventDate "2014.10.26"]
[EventType "swiss"]
[EventRounds "9"]
[EventCountry "FRA"]
[SourceTitle "EXT 2015"]
[Source "ChessBase"]
[SourceDate "2014.11.20"]
[SourceVersion "1"]
[SourceVersionDate "2014.11.20"]
[SourceQuality "1"]
[TimeControl "40/5400+30:1800+30"]
[WhiteClock "0:47:45"]
[BlackClock "1:26:16"]

1. d4 Nf6 2. Nf3 g6 3. g3 Bg7 4. Bg2 d5 5. O-O O-O 6. c4 dxc4 7. Na3 c5 (7... c3 {La grande ligne}) 8. dxc5 (8. Nxc4 Na6 9. b3
Bf5 10. Bb2 Be4 11. Rc1 {Karpov,A (2735)-Polgar,J (2670) Hoogovens Wijk aan
Zee 1998 (10) 1-0}) 8... Nc6 9. Nxc4 Be6 (9... Qxd1 10. Rxd1 Ne4 11. Be3 Be6 12. Rac1 Rfd8 13. Rd3 Nb4
14. Nfe5 Nxd3 15. exd3 Nxc5 16. Bxc5 Bxc4 17. Nxc4 Rac8 18. Bxe7 Rxd3 19. Bf1
Rd7 20. Re1 Re8 21. Bb4 Rxe1 22. Bxe1 Rd1 23. Bb4 b5 24. Ne3 Ra1 25. b3 a6 26.
Bc5 Rxa2 27. Nd5 Rc2 28. b4 a5 29. Bxb5 axb4 30. Bxb4 Bd4 31. Be1 Rc5 32. Bc6
Kg7 33. Bb7 Rb5 34. Bc6 Rc5 35. Bb7 Rb5 36. Bc6 {1/2-1/2 (36) Zysk,R (2437)
-Guilleux,F (2388) Paris 2011}) 10. Nce5 Ne4 (10... Nxe5 11. Nxe5 Qc7 12. Nd3 $14 ) 11. Nxc6 bxc6 12. Qc2 Bf5 $2 {[%emt 0:00:
48][%cal Ge4g3] Un coup naturel mais qui va être réfuté} (12... Bd5) 13. g4
$1 {[%emt 0:04:27] Gagne une pièce et le reste de la partie sera une lente
valorisation du matériel par le GMI} Ng3 14. gxf5 $18 Nxf1 15. Kxf1 Rb8 16. Rb1 Qd5 17. b3 Rfd8 18. Bf4 Rb5 19. Ne5 Rxc5 20. Bxd5 Rxc2 21. Nxc6 Rd7 22. fxg6 hxg6 23. a4 e6 24. Bc4 Kh7 25. Be3 Bh6 26. Nb4 Rc3 27. Bxh6 Kxh6 28. Nd3 Rc2 29. Ra1 Kg5 30. Ke1 Kf6 31. a5 e5 32. f3 Rd4 33. Nb4 Rb2 34. Nc6 Rh4 35. Kd1 Rxh2 36.
Kc1 Rbxe2 37. Bxe2 Rxe2 38. Ra4 Re3 39. Nxa7 Rxb3 40. a6 e4 41. fxe4 g5 42. Nc6 1-0